 Dungeon Crawl Stone Soup version 0.29.1-1-gd02db6906a (webtiles) character file.

Game seed: 7682660236111669697

742 ImASeal the Fighter (level 7, -1/73 HPs)
             Began as a Hill Orc Fighter on Oct 18, 2022.
             Was an Initiate of Beogh.
             Slain by an orc warrior
             ... wielding a +0 mace of holy wrath
              (14 damage)
             ... on level 5 of the Dungeon.
             The game lasted 00:09:09 (4031 turns).

ImASeal the Fighter (Hill Orc Fighter)              Turns: 4031, Time: 00:09:09

Health: -1/73      AC:  8    Str: 21    XL:     7   Next: 76%
Magic:  7/7        EV:  9    Int:  8    God:    Beogh [......]
Gold:   344        SH:  4    Dex: 10    Spells: 6/6 levels left

rFire   . . .      SeeInvis +   l - +2 flail (vorpal)
rCold   . . .      Faith    .   c - +0 buckler
rNeg    . . .      Spirit   .   b - +0 scale mail
rPois   .          Reflect  .   (no helmet)
rElec   .          Harm     .   e - +0 cloak
rCorr   .          Rampage  .   (no gloves)
Will    .....                   (no boots)
Stlth   ..........              m - amulet of regeneration
HPRegen 1.02/turn               t - ring of see invisible
MPRegen 0.10/turn               (no ring)

@: no status effects
A: no striking features
a: Renounce Religion


You were on level 5 of the Dungeon.
You worshipped Beogh.
Beogh was noncommittal.
You visited 1 branch of the dungeon, and saw 5 of its levels.

You collected 344 gold pieces.

Inventory:

Hand Weapons
 a - a +0 war axe
 l - a +2 vorpal flail (weapon)
 x - a +4 hand axe
Missiles
 k - 11 poisoned darts
 s - 17 stones (quivered)
Armour
 b - a +0 scale mail (worn)
 c - a +0 buckler (worn)
 e - a +0 cloak (worn)
Jewellery
 m - an amulet of regeneration (around neck)
 t - a ring of see invisible (left hand)
Wands
 v - a wand of mindburst (12)
Scrolls
 f - 2 scrolls of identify
 h - 4 scrolls of teleportation
 j - a scroll of torment {unknown}
 n - 2 scrolls of brand weapon {unknown}
 u - a scroll of blinking {unknown}
 w - a scroll of magic mapping
 y - a scroll of poison {unknown}
 A - a scroll of fear {unknown}
 B - a scroll of amnesia {unknown}
Potions
 d - a potion of might
 g - 2 potions of ambrosia {unknown}
 i - 3 potions of curing
 o - a potion of degeneration {unknown}
 p - a potion of invisibility {unknown}
 q - a potion of attraction {unknown}
 r - a potion of haste {unknown}
 z - a potion of flight {unknown}
 C - a potion of berserk rage {unknown}
 D - a potion of magic {unknown}


   Skills:
 + Level 10.5 Fighting
 - Level 2.6 Axes
 + Level 0.5 Throwing
 - Level 3.2 Armour
 - Level 3.2 Shields


You had 6 spell levels left.
You didn't know any spells.
Your spell library contained the following spells:

 Spells                   Type           Power      Damage    Failure   Level
 Ensorcelled Hibernation  Hex/Ice        0%         N/A       93%         2
 Spider Form              Tmut/Pois      0%         N/A       99%         3
 Tukima's Dance           Hex            0%         N/A       99%         3
 Anguish                  Hex/Necr       0%         N/A       100%        4
 Passage of Golubria      Tloc           0%         N/A       100%        4
 Yara's Violent Unravell  Hex/Tmut       0%         3d3       100%        5


Dungeon Overview and Level Annotations

Branches:
Dungeon (5/15)
 Temple: D:4-7

Altars:
Gozag
Okawaru


Message History

The scorpion stings you but does no damage.
The jackal barely misses you.
The orc warrior hits you with a +0 mace of holy wrath!
The orc closely misses you. You block the jackal's attack.
The scorpion stings you but does no damage.
The jackal bites you but does no damage.
The orc priest calls upon Beogh to heal the orc warrior.
The orc warrior's wounds heal themselves!
The orc warrior attacks as you move away!
The orc warrior hits you but does no damage.
The orc closely misses you. The orc attacks as you move away!
The orc hits you with a +0 club.
The orc warrior attacks as you move away!
The orc warrior hits you with a +0 mace of holy wrath!
The jackal attacks as you move away! The jackal barely misses you.
The jackal bites you. The jackal closely misses you. The jackal misses you.
The orc priest miscasts a cantrip.
The jackal bites you.
You barely miss the jackal. The jackal bites you.
You sock the jackal!
You kill the jackal!
Beogh accepts your kill.
You hit the orc warrior.
The orc warrior is moderately wounded.
The orc warrior hits you with a +0 mace of holy wrath!
You closely miss the orc warrior.
The orc warrior is moderately wounded.
The orc warrior hits you with a +0 mace of holy wrath!
* * * LOW HITPOINT WARNING * * *
The orc warrior hits you but does no damage.
You sock the orc warrior!
The orc warrior is heavily wounded.
The orc warrior hits you with a +0 mace of holy wrath!
* * * LOW HITPOINT WARNING * * *
You barely miss the orc warrior.
The orc warrior is heavily wounded.
The orc warrior closely misses you.
The orc warrior hits you with a +0 mace of holy wrath!
You die...
Beogh appreciates the orc warrior's killing of a heretic priest.

#.#.#. # #...#.
##########.#### ##..###
#........#....####......
#........####......##...
#........#.##..##### ...
#........#.........# ##.
...................# .
...####@##.........#
##.# #o#..#.......#
#....##oh..........#
.......o.#.#.......#
####...>...#..######
#......o#.## #.......#.#
#.......# ........##


You could see an orc warrior, an orc priest, an orc, a jackal and a neutral orc
priest (wandering).

Vanquished Creatures
  A bullfrog (D:4)
  3 wights (D:4)
  A hound (D:4)
  Terence (D:2)
  3 orc wizards
  15 gnolls (D:4)
  4 adders
  An ufetubus (D:3)
  3 worms
  3 dart slugs
  17 orcs
  5 endoplasms
  2 giant cockroaches
  27 goblins
  34 hobgoblins
  7 jackals
  15 kobolds
  6 quokkas
  5 ball pythons
  5 bats
  4 frilled lizards
  10 rats
172 creatures vanquished.

Vanquished Creatures (others)
  A jackal (D:5)
1 creature vanquished.

Grand Total: 173 creatures vanquished

Notes
Turn   | Place    | Note
-------+----------+-------------------------------------------
     0 | D:1      | ImASeal the Hill Orc Fighter began the quest for the Orb.
     0 | D:1      | Reached XP level 1. HP: 19/19 MP: 1/1
   216 | D:1      | Reached skill level 4 in Fighting
   218 | D:1      | Reached XP level 2. HP: 26/27 MP: 2/2
   660 | D:1      | Reached skill level 5 in Fighting
   660 | D:1      | Reached XP level 3. HP: 36/36 MP: 3/3
  1137 | D:2      | Noticed Terence
  1143 | D:2      | Killed Terence
  1144 | D:2      | Reached XP level 4. HP: 44/44 MP: 4/4
  1201 | D:2      | Reached skill level 6 in Fighting
  1409 | D:2      | Found a faded altar of an unknown god.
  1797 | D:2      | Reached XP level 5. HP: 51/51 MP: 5/5
  1876 | D:3      | Reached skill level 7 in Fighting
  2753 | D:4      | Found an opulent altar of Gozag.
  2762 | D:4      | Reached skill level 8 in Fighting
  2762 | D:4      | Reached XP level 6. HP: 60/61 MP: 6/6
  2820 | D:4      | Reached skill level 9 in Fighting
  2936 | D:4      | Reached XP level 7. HP: 55/70 MP: 7/7
  3086 | D:4      | Found an iron altar of Okawaru.
  3361 | D:4      | Reached skill level 10 in Fighting
  3918 | D:5      | Entered Level 5 of the Dungeon
  4012 | D:5      | Became a worshipper of Beogh the Brigand
  4031 | D:5      | Slain by an orc warrior

Illustrated notes

Levels and vault maps discovered:
D:1:      scummos_arrival_simple_fountains, layout_loops_ring, st_stairs_11
D:2:      layout_loops_cross, ebering_ecumenical_altar_ruins, uniq_terence
D:3:      layout_loops_corners, minmay_misc_feat_cross, minivault_27
D:4:      minmay_goblin_kobold_castle, layout_cave_pools,
          nicolae_gozag_seed_capital, okawaru_ov_weapons_minmay,
          minmay_misc_feat_tower
D:5:      layout_basic, old_standard_altar, minmay_misc_feat_iff, uniq_eustachio

Skill      XL: |  1  2  3  4  5  6  7 |
---------------+----------------------+-----
Fighting       | 4 5 6 8 9 10 | 10.5
Axes           | |  2.6
Throwing       | |  0.5
Armour         | |  3.2
Shields        | |  3.2

Action                   |  1- 3 |  4- 6 |  7- 9 || total
-------------------------+-------+-------+-------++-------
Melee: War axe           |   110 |       |       ||   110
       Flail             |       |   121 |   197 ||   318
Throw: Dart              |     2 |     2 |     1 ||     5
       Stone             |       |       |     7 ||     7
Invok: Convert to Beogh  |       |       |     1 ||     1
  Use: Scroll            |       |       |     3 ||     3
Armor: Scale mail        |    62 |    62 |   133 ||   257
Dodge: Dodged            |    74 |    46 |   148 ||   268
Block: Buckler           |    30 |    22 |    73 ||   125
